Map: Ascension to Aiur LE

Players

Serral - Winner!

  • Race: Zerg Zerg
  • Spawn Location: 5:00

Elazer

  • Race: Zerg Zerg
  • Spawn Location: 11:00

Event: WCS Montreal 2017

VOD

Have the link to the VOD?

Description

Time

  • Played on: Sept. 9, 2017, 6:31 p.m.
  • Length: 22:57

All games in this series

Show
View Real Time Build Order
Export as new Build Order

Serral Zerg - Winner!

Build Orders: Hatch First 

Get SALT Encoding   

  12  0:00  Drone  
  13  0:12  Overlord  
  13  0:17  Drone  
  14  0:31  Drone x2  
  14  0:34  Drone  
  17  0:51  Hatchery  
  17  0:55  Drone  
  17  0:57  Drone  
  18  1:08  Extractor  
  17  1:12  Spawning Pool  
  17  1:15  Drone  
  18  1:18  Drone  
  18  1:28  Drone  
  19  1:39  Overlord  
  19  1:59  Queen, Zergling x2  
  19  2:00  Zergling x2  
  23  2:02  Queen  
  23  2:03  Zergling x2  
  23  2:08  Metabolic Boost  
  26  2:11  Drone  
  26  2:14  Drone  
  28  2:22  Drone  
  29  2:26  Drone  
  29  2:28  Baneling Nest  
  29  2:32  Drone  
  29  2:36  Drone  
  31  2:50  Hatchery  
  30  2:52  Drone  
  30  2:57  Overlord  
  31  2:58  Drone  
  31  3:01  Drone  
  33  3:07  Overlord  
  33  3:11  Zergling x4  
  33  3:12  Zergling x2  
  36  3:17  Overlord  
  36  3:23  Overlord  
  36  3:26  Baneling x2  
  36  3:30  Zergling x2  
  36  3:31  Zergling x4  
  39  3:37  Zergling x2  
  40  3:41  Baneling x2  
  40  3:44  Baneling x2  
  40  3:46  Zergling x8  
  44  3:52  Overlord  
  44  3:58  Overlord  
  44  4:02  Zergling x6  
  46  4:10  Drone x2  
  46  4:11  Drone  
  46  4:19  Zergling x4  
  46  4:20  Zergling x2  
  46  4:21  Queen  
  51  4:30  Roach Warren  
  50  4:35  Drone x2  
  50  4:36  Drone  
  51  4:45  Drone x5  
  53  4:47  Drone  
  53  4:52  Overlord  
  52  4:56  Drone x2  
  51  5:02  Drone x3  
  51  5:04  Overlord  
  51  5:11  Evolution Chamber  
  51  5:12  Roach x2  
  53  5:16  Roach x2  
  53  5:19  Zergling x2  
  53  5:20  Zergling x2  
  59  5:24  Extractor x2  
  59  5:25  Zergling x4  
  59  5:26  Zergling x2  
  60  5:32  Queen  
  60  5:37  Ravager  
  60  5:40  Drone x2  
  60  5:41  Drone x3  
  66  5:42  Drone x2  
  66  5:45  Ravager  
  66  5:46  Drone x2  
  69  5:51  Drone x3  
  72  5:58  Drone x4  
  72  6:01  Zerg Missile Weapons Level 1  
  76  6:11  Drone x2  
  78  6:15  Drone x2  
  78  6:16  Drone x4  
  78  6:18  Lair  
  84  6:23  Overlord, Extractor  
  84  6:25  Extractor  
  81  6:30  Roach x4  
  81  6:32  Overlord  
  89  6:35  Drone x3  
  89  6:38  Overlord  
  92  6:43  Overlord  
  92  6:46  Roach x3  
  97  6:47  Drone x2  
  97  6:49  Drone  
  97  6:53  Extractor  
  99  7:00  Roach  
  99  7:01  Roach x4  
  108  7:11  Unknown  
  108  7:16  Glial Reconstitution  
  108  7:18  Spire  
  108  7:19  Roach x4, Hatchery  
  114  7:25  Overlord  
  114  7:26  Overlord  
  114  7:27  Roach  
  114  7:28  Roach  
  118  7:33  Roach x3  
  124  7:38  Roach x2  
  124  7:39  Roach  
  130  7:48  Overlord  
  130  7:50  Overlord  
  130  7:56  Overlord  
  130  7:58  Zerg Missile Weapons Level 2  
  130  7:59  Overlord  
  130  8:04  Roach x4  
  130  8:05  Roach x4  
  146  8:08  Overlord  
  146  8:14  Unknown  
  146  8:27  Overlord  
  146  8:28  Overlord  
  146  8:30  Mutalisk x2  
  146  8:31  Mutalisk x4  
  146  8:33  Queen  
  160  8:36  Mutalisk  
  160  8:37  Drone  
  160  8:38  Drone x4  
  167  8:43  Overseer  
  175  8:50  Mutalisk  
  175  8:51  Mutalisk  
  175  8:53  Extractor  
  175  8:55  Extractor  
  169  9:01  Overlord  
  167  9:05  Mutalisk x2  
  171  9:14  Overlord  
  165  9:30  Mutalisk  
  165  9:31  Mutalisk x4, Drone  
  146  9:36  Queen x4  
  147  9:40  Roach x7  
  159  9:49  Mutalisk x2  
  161  10:01  Mutalisk  
  161  10:02  Mutalisk x2  
  161  10:04  Zergling x2  
  161  10:05  Zergling x14  
  167  10:14  Zerg Flyer Armor Level 1, Spore Crawler  
  167  10:17  Drone  
  167  10:18  Drone x4  
  160  10:25  Drone x2  
  160  10:28  Drone x2  
  148  10:45  Mutalisk  
  148  10:46  Mutalisk x5  
  158  10:52  Drone x3  
  158  10:53  Drone x2  
  162  11:03  Roach  
  162  11:04  Roach x4  
  172  11:06  Overlord  
  170  11:17  Drone x3  
  171  11:20  Mutalisk x4  
  171  11:25  Roach x2  
  181  11:34  Overlord  
  181  11:39  Roach x5  
  188  11:40  Overseer  
  188  11:41  Overlord  
  188  11:46  Centrifical Hooks  
  184  11:53  Drone x2  
  183  11:54  Drone  
  183  11:55  Drone  
  183  12:00  Ravager x4  
  183  12:01  Ravager  
  189  12:02  Ravager  
  189  12:07  Drone x3  
  193  12:11  Ravager  
  193  12:13  Roach x3  
  195  12:34  Roach x2  
  198  12:37  Zerg Ground Armor Level 1  
  198  12:42  Hatchery  
  192  12:49  Zergling x2  
  192  12:50  Zergling x14  
  196  12:59  Zergling x2  
  196  13:00  Zergling x6  
  200  13:09  Baneling  
  200  13:10  Baneling x16  
  198  13:14  Drone  
  198  13:15  Drone  
  196  13:27  Baneling x2  
  196  13:32  Queen  
  195  13:36  Roach  
  195  13:37  Roach  
  181  14:00  Roach x7  
  181  14:01  Roach x3  
  199  14:19  Infestation Pit  
  196  14:25  Ravager  
  196  14:26  Ravager x3  
  200  14:32  Overseer  
  183  14:47  Hatchery  
  159  14:55  Roach x10  
  171  15:02  Infestor  
  171  15:03  Infestor x3  
  171  15:05  Zerg Ground Armor Level 2  
  171  15:06  Hive  
  179  15:08  Evolution Chamber  
  179  15:09  Roach x2  
  179  15:10  Roach x7  
  196  15:16  Ravager  
  197  15:31  Burrow  
  197  15:32  Drone  
  197  15:33  Drone x2  
  197  15:35  Spine Crawler  
  199  15:36  Spine Crawler  
  198  15:44  Overseer  
  198  15:45  Overseer  
  183  16:01  Roach  
  183  16:02  Roach x13  
  188  16:04  Ravager x2  
  188  16:06  Ravager x2  
  179  16:14  Roach x3  
  179  16:15  Roach x2  
  172  16:22  Zerg Missile Weapons Level 3  
  166  16:27  Roach  
  166  16:28  Roach x2  
  162  16:41  Ravager x2  
  162  16:42  Ravager x2  
  162  16:45  Roach x2  
  162  16:46  Roach x2  
  174  16:56  Roach x5  
  174  16:57  Roach  
  182  17:06  Roach x4  
  153  17:15  Roach x4  
  153  17:18  Overseer  
  123  17:25  Roach x3  
  120  17:44  Ravager  
  120  17:45  Ravager x3  
  120  17:47  Roach  
  120  17:48  Roach x3, Hatchery  
  131  18:05  Ravager x2  
  133  18:08  Unknown  
  133  18:09  Hydralisk Den  
  133  18:10  Unknown, Roach x7  
  146  18:15  Ravager x2  
  146  18:18  Roach x2  
  152  18:25  Roach x3  
  158  18:37  Roach x4  
  158  18:39  Ravager x2  
  168  18:52  Muscular Augments  
  168  19:01  Hydralisk x2  
  172  19:09  Extractor  
  171  19:11  Hydralisk x2  
  175  19:21  Extractor  
  170  19:27  Hydralisk  
  170  19:28  Hydralisk x2  
  170  19:29  Roach  
  176  19:39  Roach x4  
  180  19:50  Spine Crawler  
  179  19:54  Roach  
  179  19:55  Roach x5  
  179  19:57  Overseer  
  191  20:00  Hatchery  
  190  20:10  Roach x4  
  190  20:11  Roach  
  164  20:32  Roach x8  
  164  20:33  Roach x3  
  182  20:51  Roach x6  
  182  20:52  Roach x2  
  198  20:57  Overseer  
  198  21:01  Roach  
  198  21:15  Hydralisk  
  200  21:31  Unknown x3  
  192  21:33  Overseer x2  
  192  21:36  Roach x5  
  200  21:42  Spine Crawler x2  
  200  21:45  Pneumatized Carapace, Overseer  
  198  21:49  Roach  
  200  22:02  Unknown  
  200  22:07  Extractor  
  199  22:09  Extractor  
  199  22:11  Drone x2  
  168  22:30  Roach  
  168  22:31  Roach x12  
  177  22:38  Roach  
Show
View Real Time Build Order
Export as new Build Order

Elazer Zerg 

Build Orders: Hatch First 

Get SALT Encoding   

  12  0:00  Drone  
  13  0:12  Overlord  
  13  0:18  Drone  
  14  0:30  Drone x2  
  14  0:34  Drone  
  17  0:50  Hatchery  
  17  0:54  Drone  
  17  0:57  Drone  
  17  1:00  Extractor  
  17  1:12  Spawning Pool  
  17  1:15  Drone  
  17  1:18  Drone  
  18  1:27  Drone  
  19  1:39  Overlord  
  19  1:55  Drone  
  19  1:58  Queen  
  19  2:00  Zergling x2  
  23  2:01  Metabolic Boost  
  23  2:02  Queen  
  23  2:07  Zergling x2  
  26  2:10  Drone  
  26  2:13  Drone  
  28  2:21  Drone  
  29  2:24  Drone  
  30  2:34  Drone  
  30  2:35  Drone  
  32  2:42  Queen  
  34  2:47  Hatchery  
  34  2:48  Zergling x2  
  34  2:55  Overlord  
  34  2:57  Drone  
  35  2:59  Drone  
  36  3:13  Zergling x12  
  36  3:16  Zergling x4  
  44  3:24  Roach Warren  
  43  3:29  Overlord  
  43  3:33  Drone  
  44  3:47  Drone x2  
  46  3:51  Drone  
  46  3:53  Drone x2  
  46  3:55  Drone x3  
  52  4:04  Overlord  
  50  4:10  Roach  
  50  4:11  Roach x2  
  50  4:14  Roach x2  
  54  4:17  Roach  
  54  4:18  Queen  
  57  4:25  Overlord  
  57  4:26  Roach, Zergling x4  
  57  4:27  Queen  
  63  4:37  Zergling x2  
  63  4:38  Zergling x6  
  66  4:45  Zergling x6  
  67  4:50  Overlord  
  67  4:51  Overlord  
  64  4:54  Overlord  
  64  4:57  Drone x3  
  64  5:03  Evolution Chamber  
  64  5:05  Extractor  
  61  5:09  Drone x2  
  62  5:14  Overlord  
  62  5:16  Drone x2  
  62  5:18  Drone  
  65  5:24  Overlord  
  65  5:25  Drone x3  
  65  5:26  Drone  
  65  5:27  Drone  
  70  5:29  Drone  
  70  5:30  Drone  
  70  5:34  Lair  
  70  5:35  Drone  
  72  5:36  Drone  
  72  5:41  Zerg Missile Weapons Level 1  
  72  5:42  Drone  
  71  5:45  Extractor, Drone x2  
  71  5:47  Drone  
  71  5:51  Overlord  
  71  5:52  Extractor  
  71  5:54  Overlord  
  71  5:55  Drone  
  71  5:57  Drone  
  71  6:01  Drone x2  
  74  6:05  Drone x3  
  74  6:10  Overlord, Extractor  
  74  6:11  Drone x2  
  78  6:16  Overlord  
  78  6:18  Overlord  
  78  6:19  Drone  
  78  6:20  Drone  
  78  6:22  Extractor  
  78  6:23  Drone x3  
  78  6:24  Drone  
  83  6:29  Roach x2  
  83  6:30  Roach  
  89  6:37  Glial Reconstitution  
  89  6:38  Overlord  
  89  6:43  Roach x3, Overseer  
  94  6:48  Drone  
  94  6:53  Roach x5  
  105  7:02  Overlord  
  105  7:05  Spire  
  105  7:07  Drone x2  
  105  7:08  Drone x3  
  109  7:09  Drone  
  110  7:19  Overlord  
  110  7:21  Roach  
  110  7:22  Hatchery  
  111  7:24  Roach  
  111  7:27  Roach x2  
  117  7:32  Roach x3  
  117  7:36  Zerg Missile Weapons Level 2  
  123  7:41  Roach x3  
  129  7:46  Roach x3  
  135  7:55  Roach x5  
  143  8:02  Drone  
  143  8:03  Drone x3  
  147  8:16  Mutalisk x2  
  147  8:17  Mutalisk x6  
  163  8:21  Roach x2  
  163  8:24  Overlord  
  163  8:25  Overlord  
  167  8:28  Roach  
  169  8:35  Roach x4  
  169  8:38  Overlord  
  169  8:39  Overlord  
  177  8:53  Roach x6  
  177  8:54  Roach  
  191  9:02  Roach x7  
  199  9:12  Zerg Flyer Weapons Level 1  
  161  9:35  Extractor  
  161  9:36  Mutalisk x3, Extractor  
  149  9:52  Mutalisk x4  
  151  9:59  Unknown x2, Zerg Ground Armor Level 1  
  157  10:00  Hydralisk Den  
  157  10:04  Overlord  
  150  10:08  Mutalisk x3  
  150  10:13  Overlord  
  152  10:20  Roach x8  
  158  10:35  Roach x8  
  150  10:36  Roach x2  
  148  10:43  Roach x5  
  150  10:51  Roach x4  
  150  10:53  Muscular Augments  
  156  10:57  Roach x6  
  166  11:06  Hydralisk x3  
  170  11:14  Hydralisk x5  
  180  11:19  Overlord  
  180  11:22  Spore Crawler  
  180  11:23  Overlord x2  
  180  11:25  Overlord  
  179  11:28  Spore Crawler  
  179  11:29  Spore Crawler  
  179  11:30  Spore Crawler, Drone x2  
  178  11:44  Hydralisk x4  
  186  11:56  Hydralisk x4  
  186  12:00  Hydralisk  
  186  12:01  Hydralisk x6  
  182  12:03  Hydralisk  
  196  12:09  Hydralisk x2  
  196  12:14  Zerg Ground Armor Level 2  
  200  12:22  Hydralisk  
  188  12:23  Hydralisk x2  
  182  12:38  Hydralisk  
  182  12:39  Hydralisk x5  
  184  12:51  Infestation Pit  
  181  13:04  Roach x6  
  181  13:05  Overlord  
  190  13:09  Drone  
  190  13:10  Drone  
  189  13:39  Roach  
  189  13:40  Roach x6  
  199  13:46  Spore Crawler  
  182  13:55  Drone  
  182  13:56  Drone x3  
  182  13:59  Roach  
  182  14:00  Infestor x4  
  194  14:13  Burrow  
  194  14:15  Spore Crawler, Roach x5  
  198  14:23  Roach  
  200  14:39  Hatchery  
  200  14:45  Roach x8  
  188  14:52  Roach x6  
  174  14:56  Roach x5  
  178  15:01  Ravager x4  
  178  15:02  Ravager x2  
  178  15:03  Ravager x2  
  178  15:04  Ravager x2  
  188  15:08  Roach  
  188  15:14  Roach  
  191  15:26  Drone  
  191  15:27  Overlord  
  191  15:28  Overlord  
  192  15:32  Overseer  
  192  15:33  Pneumatized Carapace, Overseer  
  180  16:01  Roach x9  
  184  16:09  Roach x5  
  192  16:16  Roach x2  
  172  16:27  Hydralisk x3  
  172  16:30  Roach x3  
  174  16:32  Unknown  
  174  16:33  Unknown x3  
  174  16:35  Hydralisk x2  
  176  16:41  Overseer  
  176  16:47  Unknown x2  
  176  16:52  Ravager x2  
  176  16:53  Ravager x4, Hydralisk x2  
  121  17:08  Roach  
  121  17:09  Roach x3  
  105  17:17  Hydralisk x3  
  84  17:26  Hydralisk x2  
  79  17:36  Hydralisk x3  
  77  17:43  Infestor  
  77  17:44  Infestor  
  83  17:47  Infestor  
  83  17:50  Ravager x3  
  87  17:51  Ravager  
  87  18:01  Roach x3  
  87  18:03  Infestor  
  95  18:07  Unknown  
  95  18:08  Unknown, Roach  
  97  18:14  Roach x2  
  97  18:15  Roach  
  103  18:20  Roach x2  
  107  18:34  Roach x5  
  117  18:44  Drone x6  
  117  18:45  Drone  
  117  18:46  Drone  
  125  18:53  Drone x13  
  125  18:55  Extractor  
  123  18:56  Extractor  
  118  19:06  Drone x2  
  118  19:07  Drone  
  121  19:11  Roach x3  
  121  19:12  Roach x2  
  131  19:21  Roach  
  131  19:22  Roach x3  
  138  19:24  Ravager  
  138  19:29  Extractor  
  136  19:41  Roach x4  
  144  19:49  Drone x3  
  147  19:55  Tunneling Claws  
  147  19:59  Hatchery  
  146  20:09  Roach x6  
  155  20:24  Roach x5  
  156  20:35  Roach  
  157  20:50  Hatchery  
  156  21:01  Unknown x3  
  156  21:10  Overseer  
  155  21:18  Roach x6  
  155  21:19  Roach  
  155  21:21  Ravager x2  
  169  21:30  Unknown x3  
  169  21:37  Roach x3  
  175  21:44  Roach x2  
  175  21:45  Ravager  
  175  21:46  Ravager x2  
  184  21:54  Roach x2  
  186  22:07  Roach x2  
  186  22:08  Roach x2  
  194  22:12  Unknown  
  194  22:13  Unknown x2  
  170  22:26  Roach x2  
  170  22:27  Roach x4  
  172  22:31  Hydralisk  
Tags
 
Add a new tag
Caveats
  • Supply blocks, unpowered buildings, or Contaminate may cause inaccurate times.
  • Supply counts are checked every 10 seconds.